 Dungeon Crawl Stone Soup version 0.19.0 (webtiles) character file.

91 Jraekied the Ruffian (level 4, -1/33 HPs)
             Began as a Demonspawn Gladiator on Nov 21, 2016.
             Slain by an orc
             ... wielding a +0 flail
              (4 damage)
             ... on level 3 of the Dungeon.
             The game lasted 00:02:33 (1424 turns).

Jraekied the Ruffian (Demonspawn Gladiator)         Turns: 1424, Time: 00:02:33

Health: -1/33      AC:  7    Str: 15    XL:     4   Next: 33%
Magic:  4/4        EV: 12    Int: 15    God:
Gold:   77         SH:  0    Dex: 14    Spells: 0 memorised, 3 levels left

rFire  . . .     SeeInvis .     a - +1 war axe
rCold  . . .     Gourm    .     n - +0 ring mail
rNeg   . . .     Faith    .     (no shield)
rPois  .         Spirit   .     s - +1 helmet
rElec  .         Reflect  .     (no cloak)
rCorr  .         Harm     .     (no gloves)
MR     .....                    (no boots)
Stlth  +.........               (no amulet)
                                (no ring)
                                (no ring)

@: brilliant, very slightly contaminated
A: claws 1
a: no special abilities


You were on level 3 of the Dungeon.
You were not hungry.

You visited 1 branch of the dungeon, and saw 3 of its levels.

You collected 77 gold pieces.

Inventory:

Hand Weapons
 a - a +1 war axe (weapon)
Missiles
 d - 3 throwing nets (quivered)
 k - 41 sling bullets
 o - 8 tomahawks
Armour
 b - a +0 leather armour
 c - a +0 helmet
 n - a +0 ring mail (worn)
 s - a +1 helmet (worn)
Jewellery
 h - an uncursed ring of see invisible {unknown}
Scrolls
 p - a scroll of noise {unknown}
 q - a scroll of fog {unknown}
 r - a scroll of immolation {unknown}
 u - a scroll of teleportation {unknown}
 w - a scroll of identify {unknown}
Potions
 e - a potion of degeneration {unknown}
 i - a potion of brilliance
 j - a potion of heal wounds {unknown}
 t - a potion of cancellation {unknown}
 v - 2 potions of berserk rage {unknown}
Comestibles
 f - 4 bread rations
 g - 2 meat rations
 x - a chunk of flesh


   Skills:
 - Level 2.0 Fighting
 - Level 3.0 Axes
 - Level 1.9 Throwing
 - Level 2.8 Dodging
 + Level 3.1 Unarmed Combat


You had 3 spell levels left.
You didn't know any spells.

Dungeon Overview and Level Annotations

Branches:
Dungeon (3/15)

Altars:


Innate Abilities, Weirdness & Mutations

You have sharp fingernails.


Message History

You kill the orc!
The orc hits you but does no damage.
You barely miss the orc. The orc misses you.
You closely miss the orc. The orc hits you with a flail.
* * * LOW HITPOINT WARNING * * *
You closely miss the orc. The orc barely misses you.
You hit the orc.
The orc is lightly wounded.
The orc hits you but does no damage.
You barely miss the orc.
The orc is lightly wounded.
The orc hits you but does no damage.
Your ring mail prevents you from hitting the orc.
The orc is lightly wounded.
The orc hits you with a flail.
* * * LOW HITPOINT WARNING * * *
It was a potion of brilliance.
You feel clever all of a sudden. The orc hits you with a flail.
You die...

..... ... # ....## ..
#. .....#.. . #..
....#. .. .. .... ..P
####.#####.## ....
........##..##
##....P
..........$.)##...%#
#............go@...$#
#.............###...#
##.............# .##
..>..........##... ..
.#..............## ..
..[.............# ..
#...........##..# .
#.....<...## ..#
#..............


You could see a gnoll and an orc.

Vanquished Creatures
  2 gnolls (D:3)
  2 adders (D:2)
  An ooze (D:1)
  A dart slug (D:1)
  3 orcs (D:3)
  A ball python (D:1)
  3 bats (D:1)
  2 giant cockroaches
  6 goblins
  5 hobgoblins
  3 jackals (D:1)
  4 kobolds
  4 frilled lizards
  6 rats
43 creatures vanquished.

Notes
Turn   | Place    | Note
-------+----------+-------------------------------------------
     0 | D:1      | Jraekied the Demonspawn Gladiator began the quest for the Orb.
     0 | D:1      | Reached XP level 1. HP: 16/16 MP: 1/1
   127 | D:1      | Gained mutation: You have sharp fingernails. [demonic ancestry]
   127 | D:1      | Reached XP level 2. HP: 22/22 MP: 2/2
   318 | D:1      | Reached skill level 1 in Unarmed Combat
   589 | D:1      | Reached XP level 3. HP: 25/27 MP: 3/3
  1412 | D:3      | Reached XP level 4. HP: 26/33 MP: 4/4
  1424 | D:3      | Slain by an orc

Skill      XL: |  1  2  3  4 |
---------------+-------------+-----
Axes           | 3 |  3.0
Unarmed Combat | 1 2 3 |  3.1
Fighting       | |  2.0
Throwing       | |  1.9
Dodging        | |  2.8

Action                   |  1- 3 |  4- 6 || total
-------------------------+-------+-------++-------
Melee: War axe           |   115 |    10 ||   125
Throw: Throwing net      |     1 |       ||     1
  Use: Scroll            |     3 |       ||     3
       Potion            |       |     1 ||     1
 Stab: Sleeping          |     1 |       ||     1
  Eat: Chunk             |     2 |       ||     2
Armor: Leather armour    |    20 |       ||    20
       Ring mail         |    18 |     5 ||    23
Dodge: Dodged            |    88 |     3 ||    91
